 Dungeon Crawl Stone Soup version 0.20-a0-494-gf50ee04 (webtiles) character file.

384 nikopol the Skirmisher (level 6, -1/40 HPs)
             Began as a Gargoyle Berserker on Jan 17, 2017.
             Was a Priest of Trog.
             Slain by a centaur (3 damage)
             ... on level 5 of the Dungeon.
             The game lasted 00:12:27 (2876 turns).

nikopol the Skirmisher (Gargoyle Berserker)         Turns: 2876, Time: 00:12:27

Health: -1/40      AC: 12    Str: 20    XL:     6   Next: 77%
Magic:  6/6        EV: 11    Int:  8    God:    Trog [***...]
Gold:   111        SH:  0    Dex: 11    Spells: 5/5 levels left

rFire    . . .     SeeInvis .   a - +0 hand axe
rCold    . . .     Gourm    .   i - +0 scale mail
rNeg     + . .     Faith    .   (no shield)
rPois    ∞         Spirit   .   (no helmet)
rElec    +         Reflect  .   (no cloak)
rCorr    .         Harm     .   o - +0 pair of gloves (curse)
MR       .....                  (no boots)
Stlth    ..........             (no amulet)
Regen    0.2/turn               (no ring)
                                (no ring)

@: no status effects
A: negative energy resistance 1, electricity resistance, unbreathing,
petrification resistance, rot immunity, AC +4
a: Berserk, Trog's Hand, Burn Spellbooks, Renounce Religion


You were on level 5 of the Dungeon.
You worshipped Trog.
Trog was most pleased with you.
You were not hungry.

You visited 1 branch of the dungeon, and saw 5 of its levels.

You collected 111 gold pieces.

Inventory:

Hand Weapons
 a - a +0 hand axe (weapon)
Missiles
 k - 35 arrows (quivered)
Armour
 b - a +0 animal skin
 i - a +0 scale mail (worn)
 o - a cursed +0 pair of gloves (worn)
Scrolls
 e - a scroll of recharging
 f - 2 scrolls of amnesia
 h - a scroll of teleportation
 m - a scroll of identify
 u - a scroll of remove curse {unknown}
 x - a scroll of noise {unknown}
 y - a scroll of immolation {unknown}
Potions
 d - a potion of lignification
 g - a potion of heal wounds {unknown}
 j - a potion of agility
 l - a potion of flight {unknown}
 p - 3 potions of might {unknown}
 z - a potion of cancellation {unknown}
Comestibles
 c - 3 bread rations
 n - 4 meat rations
 r - 2 fruits
 v - a slice of pizza


   Skills:
 + Level 5.0 Fighting
 + Level 4.2 Axes
 + Level 4.0 Armour
 + Level 3.0 Dodging


You had 5 spell levels left.
You didn't know any spells.

Dungeon Overview and Level Annotations

Branches:
Dungeon (5/15)
 Temple: D:4-7

Altars:
Hepliaklqana
Vehumet
Yredelemnul
Zin

Annotations:
D:4 removeelyvilon's ghost, novice OgTm


Innate Abilities, Weirdness & Mutations

You are resistant to torment.
Your stone body is resilient. (AC +4)
You are immune to poison.
You resist negative energy. (rN+)
You are resistant to electric shocks. (rElec)
You can survive without breathing.
You are immune to petrification.
You are immune to rotting.


Message History

2 chunks of flesh; an adder skeleton
There is a stone staircase leading down here.
You can't go up here!
You climb downwards. 2 orcs, an orc priest, an orc wizard and a centaur come into view.
The orc wizard shouts!
The orc shouts!
The orc priest shouts!
The orc shouts!
Found 13 gold pieces, a dark potion and a meat ration.
There is a stone staircase leading up here.
The centaur wields a shortbow.
The centaur shoots an arrow.
The arrow hits you but does no damage.
The orc priest calls down the wrath of Beogh upon you.
Beogh smites you!
The centaur shoots an arrow.
The arrow hits you!
* * * LOW HITPOINT WARNING * * *
The orc priest invokes the aid of Beogh against you.
You barely resist.
You see here an arrow.
The centaur unwields an uncursed shortbow.
The centaur hits you.
You die...

#. #.# ###.#
####...########
#.............#
#.....%.......#
#..o.o..!.....#
#....o.@c.....#
#....o(.......#
#.............#
#...<.........#
#.........$...#
##.#.#.#+######
#.#...# # #####


You could see a centaur, an orc priest, an orc wizard and 2 orcs.

Vanquished Creatures
  Grinder (D:4)
  A human zombie (D:2)
  An orc wizard (D:3)
  A worker ant (D:4)
  3 adders
  2 oozes (D:1)
  A worm (D:1)
  A leopard gecko (D:1)
  4 orcs (D:3)
  7 giant cockroaches
  6 goblins
  7 hobgoblins
  10 jackals (D:1)
  A ball python (D:3)
  5 bats
  3 frilled lizards
  A jackal zombie (D:2)
  8 kobolds
  2 kobold zombies (D:2)
  8 rats
73 creatures vanquished.

Vanquished Creatures (others)
  An adder (D:2)
  A ball python (D:2)
2 creatures vanquished.

Grand Total: 75 creatures vanquished

Notes
Turn   | Place    | Note
-------+----------+-------------------------------------------
     0 | D:1      | nikopol the Gargoyle Berserker began the quest for the Orb.
     0 | D:1      | Reached XP level 1. HP: 14/14 MP: 1/1
     1 | D:1      | Found a runed door.
   259 | D:1      | Reached XP level 2. HP: 15/19 MP: 2/2
   929 | D:1      | Reached XP level 3. HP: 23/23 MP: 3/3
   945 | D:1      | Reached ** piety under Trog
  1163 | D:2      | Found a runed door.
  1163 | D:2      | Noticed a human
  1176 | D:2      | Reached XP level 4. HP: 17/29 MP: 4/4
  1194 | D:2      | Reached skill level 4 in Fighting
  1195 | D:2      | Found a basalt altar of Yredelemnul.
  1572 | D:2      | Found a glowing silver altar of Zin.
  1895 | D:2      | Found a hazy altar of Hepliaklqana.
  1953 | D:3      | Reached XP level 5. HP: 33/33 MP: 5/5
  2174 | D:3      | Reached *** piety under Trog
  2426 | D:3      | Found a radiant altar of Vehumet.
  2734 | D:4      | Noticed Grinder
  2747 | D:4      | Paralysed by Grinder for 5 turns
  2762 | D:4      | Paralysed by Grinder for 5 turns
  2780 | D:4      | Paralysed by Grinder for 3 turns
  2789 | D:4      | Killed Grinder
  2789 | D:4      | Reached XP level 6. HP: 31/40 MP: 6/6
  2796 | D:4      | Reached skill level 5 in Fighting
  2867 | D:4      | Noticed removeelyvilon's ghost (novice OgTm)
  2873 | D:5      | Entered Level 5 of the Dungeon
  2875 | D:5      | HP: 2/40 [centaur/arrow (11)]
  2876 | D:5      | Slain by a centaur

Vault maps used:
D:1:      dpeg_arrival_caged_fury
D:2:      zin_treasury, nicolae_overflow_hidden_temple, first_bread,
          dk_yredelemnul_ordeal
D:3:      fiery_altar_vehumet, serial_glass, glass_columns_b, glass_columns_a,
          glass_columns_b, glass_columns_a, glass_columns_c, glass_columns_c
D:4:      bloody_trog, gup_sewer_entry_spiral, chequers_big_river, uniq_grinder
D:5:      kennysheep_spiral_hall, xom_confusion_cloud

Skill      XL: |  1  2  3  4  5  6 |
---------------+-------------------+-----
Axes           | 3 4 |  4.2
Dodging        | 2 3 |  3.0
Fighting       | 4 5 |  5.0
Armour         | 3 4 |  4.0

Action                   |  1- 3 |  4- 6 || total
-------------------------+-------+-------++-------
Melee: Hand axe          |   126 |   150 ||   276
Invok: Berserk           |     1 |     1 ||     2
  Use: Scroll            |       |     7 ||     7
  Eat: Chunk             |     2 |     6 ||     8
Armor: Animal skin       |    25 |       ||    25
       Scale mail        |    53 |   100 ||   153
Dodge: Dodged            |   110 |    78 ||   188
